 Dungeon Crawl Stone Soup version 0.24-a0-335-g06ca16a (webtiles) character file.

Game seed: 14270831383284616227

18842 Borgoz the Carver (level 12, -10/76 HPs)
             Began as a Gargoyle Gladiator on May 18, 2019.
             Was an Initiate of Ashenzari.
             Hit by a large rock thrown by a cyclops (15 damage)
             ... on level 13 of the Dungeon.
             The game lasted 00:31:20 (10939 turns).

Borgoz the Carver (Gargoyle Gladiator)             Turns: 10939, Time: 00:31:21

Health: -10/76     AC: 23    Str: 25    XL:     12   Next: 62%
Magic:  0/12       EV: 17    Int: 14    God:    Ashenzari [......]
Gold:   568        SH:  0    Dex: 17    Spells: 11/11 levels left

rFire    + . .     SeeInvis .   a - +4 great sword
rCold    + + .     Gourm    .   (shield currently unavailable)
rNeg     + . .     Faith    .   p - +0 scale mail
rPois    ∞         Spirit   +   c - +0 helmet
rElec    +         Reflect  .   o - scarf {repulsion}
rCorr    +         Harm     .   g - +0 pair of gloves
MR       +....                  A - +2 pair of boots of Levity {Int+2 Dex+2}
Stlth    ++........             s - amulet of guardian spirit (curse)
HPRegen  0.22/turn              k - ring of protection from cold
MPRegen  0.13/turn              H - ring of protection from magic

@: mighty, resistant, repel missiles
A: claws 1, talons 1, clever 1, negative energy resistance 1, electricity
resistance, strong 1, unbreathing, petrification resistance, rot immunity, AC +8
a: Curse Item, Renounce Religion


You were on level 13 of the Dungeon.
You worshipped Ashenzari.
Ashenzari was noncommittal.
You were hungry.

You visited 2 branches of the dungeon, and saw 14 of its levels.
You also visited: Sewer.

You collected 956 gold pieces.
You spent 388 gold pieces at shops.

Inventory:

Hand Weapons
 a - a +4 great sword (weapon)
 b - a +2 rapier of draining
 K - a +4 lajatang
Armour
 c - a +0 helmet (worn)
 g - a +0 pair of gloves (worn)
 i - the +1 robe "Yqelett" {Str+2 Dex+2}
   (You found it on level 6 of the Dungeon)

   It affects your strength (+2).
   It affects your dexterity (+2).
 o - a scarf of repulsion (worn)
 p - a +0 scale mail (worn)
 A - the +2 pair of boots of Levity (worn) {Int+2 Dex+2}
   (You bought it in a shop on level 6 of the Dungeon)

   It affects your intelligence (+2).
   It affects your dexterity (+2).
Jewellery
 k - a ring of protection from cold (left hand)
 r - an uncursed amulet of magic regeneration
 s - a cursed amulet of guardian spirit (around neck)
 z - an uncursed ring of protection from cold
 F - an uncursed ring of positive energy
 H - a ring of protection from magic (right hand)
Wands
 C - a wand of polymorph (6)
 I - a wand of random effects (19)
 J - a wand of flame (6)
Scrolls
 d - a scroll of blinking
 h - 3 scrolls of teleportation
 l - a scroll of enchant weapon
 v - a scroll of remove curse
 y - a scroll of fog
 D - a scroll of fear
 G - 2 scrolls of identify
Potions
 e - 3 potions of lignification
 j - a potion of cancellation
 m - a potion of magic
 q - 3 potions of flight
 u - a potion of agility
 w - a potion of curing
 x - a potion of mutation
 E - a potion of brilliance
Comestibles
 f - 28 rations


   Skills:
 + Level 9.3 Fighting
 * Level 11.0 Long Blades
 - Level 1.7 Throwing
 + Level 8.9 Armour
 * Level 10.1 Dodging
 - Level 5.1 Stealth


You had 11 spell levels left.
You didn't know any spells.
Your spell library contained the following spells:

 Spells                   Type           Power        Failure   Level  Hunger
 Confusing Touch          Hex            #.....       52%         1    ##.....
 Corona                   Hex            #......      52%         1    ##.....
 Ensorcelled Hibernation  Hex/Ice        #.....       65%         2    ###....
 Confuse                  Hex            #.......     87%         3    ####...
 Dazzling Spray           Conj/Hex       #.....       87%         3    ####...
 Gell's Gravitas          Tloc           #.........   87%         3    ####...
 Tukima's Dance           Hex            #.......     87%         3    ####...
 Petrify                  Tmut/Erth      #.......     99%         4    #####..
 Metabolic Englaciation   Hex/Ice        #.........   100%        5    ######.
 Yara's Violent Unravell  Hex/Tmut       #.........   100%        5    ######.


Dungeon Overview and Level Annotations

Branches:
Dungeon (13/15)            Temple (1/1) D:5            Lair (0/6) D:11
    Orc (0/2) D:10
 Vaults: D:13-14

Altars:
Ashenzari
Cheibriados
Dithmenos
Elyvilon
Fedhas
Gozag
Hepliaklqana
Kikubaaqudgha
Makhleb
Nemelex Xobeh
Okawaru
Qazlal
Ru
Sif Muna
Trog
Uskayaw
Vehumet
Wu Jian
Xom
Yredelemnul
Zin
The Shining One
Beogh

Shops:
D:6 [   D:8 =

Annotations:
D:7 Prince Ribbit
D:10 1 runed translucent door, confidenceinterval's ghost, novice TrFi
D:12 1 runed translucent door, Aske's ghost, journeyman MiGl


Innate Abilities, Weirdness & Mutations

You are resistant to torment.
Your stone body is resilient. (AC +8)
You are immune to poison.
You resist negative energy. (rN+)
You are resistant to electric shocks. (rElec)
You can survive without breathing.
You are immune to petrification.
You are immune to rotting.
You have sharp fingernails.
You have sharp toenails.
Your mind is acute. (Int +2)
Your muscles are strong. (Str +2)


Message History

As you read the scroll of teleportation, it crumbles to dust.
You feel strangely unstable. The fire elemental hits you.
The fire elemental burns you! You resist.
* * * LOW HITPOINT WARNING * * *
You closely miss the fire elemental.
You are feeling hungry.
The fire elemental misses you. The hell hound breathes flames at you.
The blast of flame hits the fire elemental.
The fire elemental completely resists.
The blast of flame hits the fire elemental.
The fire elemental completely resists.
The blast of flame hits you. You resist.
* * * LOW HITPOINT WARNING * * *
The fire elemental hits you. The fire elemental burns you! You resist.
* * * LOW HITPOINT WARNING * * *
You closely miss the fire elemental.
Your surroundings suddenly seem different.
All of the chunks of flesh in your inventory have rotted away.
The cyclops throws a large rock.
The large rock hits you!
You die...

#...... ......
## ..... ...
#...# ##.##
#...# #.....
#^..# ......
#####...##..#.#.
........@.......
........<.......
................
#####..h##.#####
#...# ...


#COu# #### #hYW# #.Eh# ##E## You could see a purple ugly thing, a two-headed
ogre, a cyclops, a freezing wraith, a fire elemental, 3 hell hounds and an ice
beast.

Vanquished Creatures
  Azrael (D:13)
  A hydra (D:10)
  2 two-headed ogres
  2 unseen horrors
  A cyclops (D:11)
  A manticore (D:12)
  2 centaur zombies
  Maurice (D:8)
  Joseph (D:8)
  Psyche (D:10)
  A komodo dragon (D:13)
  2 yaktaurs
  4 trolls
  A wind drake (shapeshifter) (D:10)
  The ghost of Yorgos the Skirmisher, an amateur DsAK of Lugonu (D:3)
  Grinder (Sewer)
  2 hornets
  3 slime creatures (D:12)
  3 hippogriffs
  Sigmund (D:6)
  A shadow (D:12)
  A fire elemental (D:13)
  6 vampire mosquitoes
  A hungry ghost (D:9)
  Grum (D:8)
  3 wargs (D:10)
  3 soldier ants
  A hell hound (D:13)
  3 porcupines (D:11)
  6 orc warriors
  3 sky beasts
  3 ogres
  3 phantoms
  12 centaurs
  A black bear (D:11)
  An eye of draining (D:12)
  2 wolves (D:8)
  A crocodile (shapeshifter) (D:13)
  4 big kobolds
  10 bullfrogs
  6 scorpions
  3 killer bees (D:12)
  3 wights (D:6)
  2 howler monkeys
  4 electric eels
  2 crimson imps
  2 quasits (Sewer)
  A bullfrog zombie (D:12)
  2 jellies
  9 orc priests
  4 hounds
  An iron imp (D:8)
  Jessica (D:2)
  3 bullfrog skeletons
  12 orc wizards
  7 worker ants
  3 big kobold zombies (Sewer)
  A hound zombie (D:5)
  2 hound skeletons
  A worker ant zombie (D:10)
  A howler monkey zombie (D:9)
  Robin (D:3)
  17 adders
  2 river rats (D:6)
  3 shadow imps
  3 ufetubi (Sewer)
  2 oozes
  An adder zombie (D:8)
  3 worms
  2 dart slugs
  2 leopard geckos
  57 orcs
  7 giant cockroaches
  7 hobgoblins
  9 jackals
  4 quokkas
  4 ball pythons
  10 bats
  3 frilled lizards
  2 giant cockroach zombies
  14 goblins
  52 kobolds
  A kobold zombie (Sewer)
  2 leopard gecko zombies
  5 rats
  8 plants
389 creatures vanquished.

Vanquished Creatures (others)
  An ooze (Sewer)
  3 fungi (D:11)
  A plant (D:11)
5 creatures vanquished.

Grand Total: 394 creatures vanquished

Notes
Turn   | Place    | Note
-------+----------+-------------------------------------------
     0 | D:1      | Borgoz the Gargoyle Gladiator began the quest for the Orb.
     0 | D:1      | Reached XP level 1. HP: 12/12 MP: 1/1
    92 | D:1      | Reached XP level 2. HP: 17/17 MP: 2/2
   155 | D:1      | Reached skill level 3 in Long Blades
   235 | D:1      | Reached XP level 3. HP: 22/22 MP: 3/3
   740 | D:2      | Noticed Jessica
   747 | D:2      | Killed Jessica
   747 | D:2      | Reached skill level 1 in Armour
   832 | D:2      | Reached XP level 4. HP: 27/27 MP: 4/4
   923 | D:2      | Found a blossoming altar of Fedhas.
  1176 | D:2      | Found a radiant altar of Vehumet.
  1345 | D:2      | Reached XP level 5. HP: 32/32 MP: 5/5
  1749 | D:3      | Found a runed translucent door.
  1752 | D:3      | Noticed Yorgos's ghost (amateur DsAK)
  2082 | D:3      | Noticed Robin
  2134 | D:3      | Killed Robin
  2134 | D:3      | Reached skill level 4 in Long Blades
  2151 | D:3      | Gained mutation: You have sharp toenails. [potion of
                  | mutation]
  2151 | D:3      | Gained mutation: Your mind is acute. (Int +2) [potion of
                  | mutation]
  2151 | D:3      | Gained mutation: You have sharp fingernails. [potion of
                  | mutation]
  2151 | D:3      | Gained mutation: Your muscles are strong. (Str +2) [potion
                  | of mutation]
  2233 | D:3      | Reached XP level 6. HP: 29/37 MP: 6/6
  2672 | D:3      | Killed Yorgos's ghost
  2672 | D:3      | Reached XP level 7. HP: 28/42 MP: 5/7
  3371 | D:5      | Entered Level 5 of the Dungeon
  3371 | D:5      | Found a staircase to the Ecumenical Temple.
  3380 | D:5      | Reached skill level 5 in Long Blades
  3440 | Temple   | Entered the Ecumenical Temple
  3737 | D:5      | Found Zuvorphe's Antique Weapon Boutique.
  3795 | D:5      | Found a hazy altar of Hepliaklqana.
  4052 | D:5      | Found a glowing silver altar of Zin.
  4162 | D:6      | Found a glowing drain.
  4178 | Sewer    | Entered a sewer
  4293 | Sewer    | Found a burning altar of Makhleb.
  4302 | Sewer    | Reached XP level 8. HP: 46/48 MP: 8/8
  4347 | Sewer    | Noticed Grinder
  4359 | Sewer    | Killed Grinder
  4359 | Sewer    | Reached skill level 5 in Dodging
  4715 | D:6      | Reached skill level 6 in Long Blades
  4743 | D:6      | Reached skill level 5 in Fighting
  4945 | D:6      | Got a smoking robe
  5080 | D:6      | Found Ywkyreemi's Armour Shop.
  5100 | D:6      | Bought the +2 pair of boots of Levity {Int+2 Dex+2} for 388
                  | gold pieces
  5212 | D:6      | Noticed Sigmund
  5213 | D:6      | Reached XP level 9. HP: 49/54 MP: 7/9
  5227 | D:6      | Killed Sigmund
  5245 | D:7      | Noticed a two-headed ogre
  5253 | D:7      | Killed a two-headed ogre
  5253 | D:7      | Reached skill level 7 in Long Blades
  5253 | D:7      | Reached skill level 5 in Armour
  5406 | D:6      | Found a blossoming altar of Fedhas.
  5852 | D:7      | Noticed Prince Ribbit
  6049 | D:8      | Found a snail-covered altar of Cheibriados.
  6069 | D:8      | Noticed Joseph
  6092 | D:8      | Killed Joseph
  6092 | D:8      | Reached XP level 10. HP: 24/61 MP: 2/10
  6259 | D:8      | Reached skill level 8 in Long Blades
  6309 | D:8      | Noticed Maurice
  6326 | D:8      | Paralysed by something for 7 turns
  6337 | D:8      | Paralysed by something for 3 turns
  6345 | D:8      | Paralysed by something for 3 turns
  6460 | D:8      | Found an iron altar of Okawaru.
  6521 | D:8      | Found Gasupsek's Jewellery Boutique.
  6541 | D:8      | Noticed Grum
  6556 | D:8      | Killed Grum
  6704 | D:8      | Paralysed by something for 6 turns
  6713 | D:8      | Killed Maurice
  7005 | D:9      | Identified the +1 robe "Yqelett" {Str+2 Dex+2} (You found
                  | it on level 6 of the Dungeon)
  7037 | D:10     | Entered Level 10 of the Dungeon
  7210 | D:10     | Reached skill level 9 in Long Blades
  7211 | D:10     | Found a staircase to the Orcish Mines.
  7357 | D:9      | Killed an unseen horror
  7357 | D:9      | Reached XP level 11. HP: 33/68 MP: 9/11
  7545 | D:10     | Noticed a two-headed ogre
  7557 | D:10     | Killed a two-headed ogre
  7877 | D:10     | Noticed confidenceinterval's ghost (novice TrFi)
  7878 | D:10     | Found a runed translucent door.
  8013 | D:10     | Reached skill level 1 in Stealth
  8101 | D:10     | Found a roughly hewn altar of Beogh.
  8378 | D:10     | Noticed Psyche
  8381 | D:10     | Killed Psyche
  8398 | D:9      | Found a shattered altar of Ashenzari.
  8418 | D:9      | Became a worshipper of Ashenzari the Shackled
  8437 | D:9      | Found an ornate altar of the Wu Jian Council.
  8940 | D:11     | Noticed a six-headed hydra
  9126 | D:10     | Killed an eight-headed hydra
  9126 | D:10     | Reached skill level 10 in Long Blades
  9371 | D:11     | Found a staircase to the Lair.
  9377 | D:11     | Killed an unseen horror
  9395 | D:11     | Noticed a cyclops
  9407 | D:11     | Killed a cyclops
  9489 | D:11     | Reached XP level 12. HP: 68/75 MP: 9/12
 10137 | D:12     | Found a runed translucent door.
 10138 | D:12     | Noticed a storm dragon
 10139 | D:12     | Noticed Aske's ghost (journeyman MiGl)
 10240 | D:12     | HP: 3/76 [large slime creature (17)]
 10903 | D:13     | Reached skill level 10 in Dodging
 10908 | D:13     | Noticed Azrael
 10925 | D:13     | Killed Azrael
 10925 | D:13     | Reached skill level 11 in Long Blades
 10925 | D:13     | Reached skill level 5 in Stealth
 10929 | D:13     | Noticed a two-headed ogre
 10939 | D:13     | Hit by a large rock thrown by a cyclops

Levels and vault maps discovered:
D:1:      doesnt_arrival_eight_statues, layout_basic, feat_on_display
D:2:      layout_loops_corners, lemuel_round_altar, vehumet_crystals,
          minmay_small_reverse_x, uniq_jessica
D:3:      cheibrodos_pilgrimage, layout_basic, ebering_ghost_reflecting_pool,
          guppyfry_early_orc_mine, uniq_robin
D:4:      layout_cave_pools, first_ration, ebering_dispersal_statue_hall,
          nrook_campfire, minmay_misc_feat_secret_circle
D:5:      layout_rooms, kennysheep_mini, old_standard_altar,
          minmay_temple_entry_stoned_glass, serial_shops, shop
D:6:      kennysheep_kobold_camp, layout_basic, lightli_sewer_entry_pipes,
          serial_shops, shop, fedhas_altar_fruit_tree, uniq_sigmund
D:7:      layout_rooms, uniq_prince_ribbit1
D:8:      layout_loops_ring, slow_altar_2, serial_shops,
          nicolae_shop_waterfront, hangedman_pestilent_swarm, okawaru_trees_1,
          uniq_grum, uniq_joseph, uniq_maurice
D:9:      layout_roguey, lemuel_crystal_altar, kennysheep_mini_moat
D:10:     layout_roguey [special_room_orc], minmay_orc_entry_guard_dogs,
          hellmonk_ghost_happy_afterlife, uniq_psyche
D:11:     statuecave_lemuel, layout_cross, due_lair_maze_entry_diamond
D:12:     layout_irregular_city, ebering_ghost_inner_flame,
          serial_bayou_lagoon_a
D:13:     layout_loops_cross, grunt_vaults_entry_tiered,
          ebering_ghost_rock_garden, uniq_snorg, uniq_azrael
Temple:   regret_index_temple_generic_petals

Skill      XL: |  1  2  3  4  5  6  7  8  9 10 11 12 |
---------------+-------------------------------------+-----
Long Blades    | 3 4 5 6 7 9 10 11 | 11.0
Armour         | 1 2 3 4 6 7 8 |  8.9
Dodging        | 3 4 5 7 8 9 10 | 10.1
Fighting       | 3 4 5 6 7 8 9 |  9.3
Stealth        | 3 5 |  5.1
Throwing       | |  1.7

Action                   |  1- 3 |  4- 6 |  7- 9 | 10-12 || total
-------------------------+-------+-------+-------+-------++-------
Melee: Long sword        |    51 |   204 |   242 |       ||   497
       Kick              |       |    13 |    73 |       ||    86
       Great sword       |       |       |   154 |   449 ||   603
       Rapier            |       |       |       |   189 ||   189
Throw: Throwing net      |       |       |       |     3 ||     3
Invok: Curse Item        |       |       |       |     1 ||     1
  Use: Potion            |       |     6 |     3 |     7 ||    16
       Scroll            |       |     2 |     8 |    12 ||    22
 Stab: Held in net/web   |       |       |       |     3 ||     3
       Sleeping          |       |       |       |     1 ||     1
  Eat: Chunk             |       |     5 |    13 |    15 ||    33
       Ration            |       |       |       |     1 ||     1
Armor: Leather armour    |    31 |    22 |       |       ||    53
       Ring mail         |       |   102 |   184 |     5 ||   291
       Skin              |       |    32 |    84 |     2 ||   118
       Scale mail        |       |       |       |   457 ||   457
Dodge: Dodged            |    41 |   112 |   306 |   665 ||  1124
       Deflected         |       |       |       |     6 ||     6
       Rpst.: Long sword |    13 |    45 |    57 |       ||   115
       Great sword       |       |       |    33 |   126 ||   159

Table legend:
 A = Non-vault XP
 B = Vault XP
 C = Vault XP percentage of total XP
 D = Non-vault monster count
 E = Vault monster count
 F = Vault count percentage of total count
                 A         B        C        D         E       F
            +---------+---------+-------+---------+---------+-------
      Total |   19397 |    7521 |  27.9 |     233 |     148 |  38.8
            +---------+---------+-------+---------+---------+-------
        D:1 |      40 |       0 |   0.0 |      21 |       0 |   0.0
        D:2 |     101 |      44 |  30.3 |      17 |       5 |  22.7
        D:3 |      24 |     430 |  94.7 |       8 |      27 |  77.1
        D:4 |     232 |       0 |   0.0 |       9 |       0 |   0.0
        D:5 |     133 |       0 |   0.0 |      10 |       0 |   0.0
        D:6 |     528 |     461 |  46.6 |      13 |      34 |  72.3
        D:7 |    1200 |       0 |   0.0 |      13 |       0 |   0.0
        D:8 |    1042 |    2001 |  65.8 |      24 |      10 |  29.4
        D:9 |    2294 |       0 |   0.0 |      23 |       0 |   0.0
       D:10 |    3875 |    1424 |  26.9 |      13 |      29 |  69.0
       D:11 |    3232 |     909 |  22.0 |      25 |       9 |  26.5
       D:12 |    5854 |       0 |   0.0 |      54 |       0 |   0.0
       D:13 |     842 |    1625 |  65.9 |       3 |       3 |  50.0
      Sewer |       0 |     627 | 100.0 |       0 |      31 | 100.0
            +---------+---------+-------+---------+---------+-------
